 Dungeon Crawl Stone Soup version 0.30-a0-1093-gcfb1e0cf12 (webtiles) character file.

Game seed: 2243254225484730435

32 Anamonty the Sneak (level 3, -2/24 HPs)
             Began as a Vampire Enchanter on Apr 17, 2023.
             Slain by a gnoll
             ... wielding a +0 spear
              (4 damage)
             ... on level 2 of the Dungeon.
             The game lasted 00:01:11 (599 turns).

Anamonty the Sneak (Vampire Enchanter)               Turns: 599, Time: 00:01:11

Health: -2/24      AC:  3    Str:  7    XL:     3   Next: 10%
Magic:  6/6        EV: 12    Int: 17    God:
Gold:   20         SH:  0    Dex: 16    Spells: 6/6 levels left

rFire   . . .      SeeInvis +    a - +1 dagger
rCold   . . .      Faith    .    (no shield)
rNeg    . . .      Spirit   .    b - +0 robe
rPois   .          Reflect  .    (no helmet)
rElec   .          Rampage  .    i - +0 cloak
rCorr   .                        (no gloves)
Will    .....                    (no boots)
Stlth   +++                      (no amulet)
HPRegen 0.44/turn                (no ring)
MPRegen 0.10/turn                (no ring)

@: healing quickly
A: alive, fangs 3, see invisible, vampiric 2
a: Exsanguinate


You were on level 2 of the Dungeon.
You visited 1 branch of the dungeon, and saw 2 of its levels.

You collected 20 gold pieces.

Inventory:

Hand Weapons
 a - a +1 dagger (weapon)
Armour
 b - a +0 robe (worn)
 i - a +0 cloak (worn)
Scrolls
 e - a scroll of enchant weapon {unknown}
 f - a scroll of teleportation {unknown}
Potions
 c - 2 potions of invisibility
 d - a potion of degeneration {unknown}
 g - a potion of might {unknown}
 h - a potion of curing {unknown}


   Skills:
 + Level 1.4 Short Blades
 + Level 2.4 Dodging
 * Level 5.1 Stealth
 + Level 2.2 Spellcasting
 * Level 5.0 Hexes


You had 6 spell levels left.
You didn't know any spells.
Your spell library contained the following spells:

 Spells                   Type           Power      Damage    Failure   Level
 Confusing Touch          Hex            19%        N/A       7%          3
 Tukima's Dance           Hex            19%        N/A       7%          3
 Ensorcelled Hibernation  Hex/Ice        20%        N/A       10%         2
 Necrotise                Necr           4%         1d4       19%         1
 Dazzling Flash           Conj/Hex       20%        N/A       21%         3
 Vampiric Draining        Necr           1%         2d6       50%         3
 Passage of Golubria      Tloc           1%         N/A       88%         4
 Yara's Violent Unravell  Hex/Tmut       5%         3d4       88%         5
 Agony                    Necr           1%         N/A       99%         5


Dungeon Overview and Level Annotations

Branches:
Dungeon (2/15)

Altars:


Innate Abilities, Weirdness & Mutations

Your natural rate of healing is accelerated.
You have razor-sharp teeth.
You have supernaturally acute eyesight. (SInv)
You are afflicted with vampirism and can become a bat while bloodless.


Message History

You finish putting on your +0 cloak.
There is a stone staircase leading down here.
A gnoll comes into view. It is wielding a +0 spear.
The gnoll shouts!
You hear a shout!
The gnoll moves out of view.
You hear a shout!
A gnoll comes into view. It is wielding a +0 whip.
A gnoll is nearby!
The gnoll shouts!
A gnoll comes into view. It is wielding a +0 flail.
You don't know any spells.
You begin bloodletting.
You continue bloodletting.
The gnoll hits you with a +0 whip.
Keep bloodletting? [Y]es or [N]o only, please.
Keep bloodletting? [Y]es or [N]o only, please.
Keep bloodletting?
You stop emptying yourself of blood.
A kobold comes into view. It is wielding a +1 dagger of draining.
The gnoll hits you from afar with a +0 spear.
Unknown command.
You don't know any spells.
Unknown command.
The gnoll attacks as you move away! The gnoll hits you with a +0 whip!
* * * LOW HITPOINT WARNING * * *
There is a stone staircase leading down here.
You don't know any spells.
Unknown command.
The gnoll attacks as you move away! The gnoll hits you with a +0 whip.
* * * LOW HITPOINT WARNING * * *
You don't know any spells.
The gnoll closely misses you. The gnoll barely misses you.
You begin bloodletting.
You continue bloodletting.
The gnoll hits you with a +0 whip.
Keep bloodletting?
You stop emptying yourself of blood.
* * * LOW HITPOINT WARNING * * *
The gnoll hits you from afar with a +0 spear.
You die...

### ##.##
##...#####
#########
#........#
#gK.g.K.#
##...###.#
#g#####.#
##..## #.#
#g#
##....#
#.# #@#
#.....#
#.# #.#
##....#
#.####.#
##.###
#......#
#.#
########
#.# #.#
#.....
#.## #....
#..# #....
..#


You could see 3 gnolls and a kobold.

Vanquished Creatures
  An adder (D:2)
  3 bats (D:1)
  5 goblins (D:1)
  5 hobgoblins (D:1)
  2 kobolds
  2 ball pythons
  2 frilled lizards (D:1)
  2 rats (D:1)
22 creatures vanquished.

Notes
Turn   | Place    | Note
-------+----------+-------------------------------------------
     0 | D:1      | Anamonty the Vampire Enchanter began the quest for the Orb.
     0 | D:1      | Reached XP level 1. HP: 13/13 MP: 3/3
    50 | D:1      | Found a faded altar of an unknown god.
   143 | D:1      | Reached XP level 2. HP: 17/19 MP: 5/5
   460 | D:1      | Reached skill level 5 in Stealth
   477 | D:2      | Reached skill level 5 in Hexes
   477 | D:2      | Gained mutation: You are afflicted with vampirism and can
                  | become a bat while bloodless. [Vampire growth]
   477 | D:2      | Reached XP level 3. HP: 24/24 MP: 6/6
   599 | D:2      | Slain by a gnoll

Illustrated notes

Levels and vault maps discovered:
D:1:      evilmike_arrival_plus, layout_rooms,
          hellmonk_ecumenical_altar_crossroads
D:2:      layout_loops_cross

Skill      XL: |  1  2 |
---------------+-------+-----
Stealth        | 5 |  5.1
Hexes          | 5 |  5.0
Short Blades   | |  1.4
Dodging        | |  2.4
Spellcasting   | |  2.2

Action                     || total
---------------------------++-------
  Melee: Dagger            ||    57
         Bite              ||     4
Ability: Exsanguinate      ||     2
   Stab: Sleeping          ||     7
 Armour: Robe              ||     7
  Dodge: Dodged            ||    30

Table legend: (Time is in decaauts)
 A = Elapsed time spent in this place.
 B = Non-inter-level travel time spent in this place.
 C = Inter-level travel time spent in this place.
 D = Time resting spent in this place.
 E = Time spent auto-exploring this place.
 F = Levels seen in this place.
 G = Mean time per level.
                   A        B        C        D        E       F      G
               +--------+--------+--------+--------+--------+-----+--------+
         Total |    595 |    576 |     19 |      0 |    412 |   2 |  297.5 |
       Dungeon |    595 |    576 |     19 |      0 |    412 |   2 |  297.5 |
               +--------+--------+--------+--------+--------+-----+--------+

Top non-repeatable levels by time:
     D:1: 469 daAuts
     D:2: 125 daAuts
